 Dungeon Crawl Stone Soup version 0.21-a0-444-g29a2fec (webtiles) character file.

269 uglyjohn the Vexing (level 6, -1/47 HPs)
             Began as a Gnoll Arcane Marksman on Nov 17, 2017.
             Was a Follower of Cheibriados.
             Killed from afar by an orc wizard (4 damage)
             ... with a puff of frost
             ... on level 4 of the Dungeon.
             The game lasted 00:07:08 (3473 turns).

uglyjohn the Vexing (Gnoll Arcane Marksman)         Turns: 3473, Time: 00:07:09

Health: -1/47      AC:  6    Str: 14    XL:     6   Next: 22%
Magic:  11/11      EV: 15    Int: 13    God:    Cheibriados [*.....]
Gold:   91         SH:  0    Dex: 18    Spells: 4/11 levels left

rFire    . . .     SeeInvis .   b - +0 long sword
rCold    . . .     Gourm    .   (no shield)
rNeg     . . .     Faith    .   l - +0 scale mail
rPois    .         Spirit   .   (no helmet)
rElec    .         Reflect  .   (no cloak)
rCorr    .         Harm     .   (no gloves)
MR       .....                  (no boots)
Stlth    +.........             (no amulet)
HPRegen  0.15/turn              x - -6 ring of intelligence (curse)
MPRegen  0.12/turn              p - +3 ring of evasion

@: very slow
A: distributed training, fangs 1, strong nose
a: Bend Time, Renounce Religion


You were on level 4 of the Dungeon.
You worshipped Cheibriados.
Cheibriados was aware of your devotion.
You were not hungry.

You visited 1 branch of the dungeon, and saw 4 of its levels.

You collected 91 gold pieces.

Inventory:

Hand Weapons
 a - a +0 hand crossbow
 b - a +0 long sword (weapon)
 u - a +2 short sword of venom
Missiles
 d - 39 bolts
Armour
 e - a +0 robe
 l - a +0 scale mail (worn)
Jewellery
 g - an uncursed ring of fire
 p - a +3 ring of evasion (right hand)
 q - an uncursed ring of protection from cold
 x - a cursed -6 ring of intelligence (left hand)
Wands
 w - a wand of paralysis (0/24)
Scrolls
 h - a scroll of enchant armour {unknown}
 j - a scroll of fog {unknown}
 k - a scroll of identify
 r - a scroll of enchant weapon {unknown}
Potions
 m - 2 potions of mutation {unknown}
 n - a potion of berserk rage {unknown}
 o - 2 potions of curing
 s - a potion of flight {unknown}
Books
 c - a book of Debilitation

   Spells                             Type                      Level
   a - Corona                         Hexes                        1
   b - Slow                           Hexes                        2
   c - Inner Flame                    Hexes/Fire                   3
   d - Portal Projectile              Hexes/Translocation          3
   e - Cause Fear                     Hexes                        4
   f - Leda's Liquefaction            Hexes/Earth                  4
Comestibles
 f - 6 bread rations
 i - a royal jelly
 t - 4 chunks of flesh
 v - 4 fruits
 z - a meat ration


   Skills:
 + Level 3.1 Fighting
 + Level 1.8 Short Blades
 + Level 1.8 Long Blades
 + Level 1.8 Axes
 + Level 1.8 Maces & Flails
 + Level 1.8 Polearms
 + Level 1.8 Staves
 + Level 1.8 Slings
 + Level 1.8 Bows
 + Level 4.9 Crossbows
 + Level 1.8 Throwing
 + Level 1.8 Armour
 + Level 4.9 Dodging
 + Level 1.8 Stealth
 + Level 1.8 Shields
 + Level 1.8 Unarmed Combat
 + Level 3.3 Spellcasting
 + Level 1.4 Conjurations
 + Level 5.6 Hexes
 + Level 1.4 Charms
 + Level 1.4 Summonings
 + Level 1.4 Necromancy
 + Level 1.4 Translocations
 + Level 1.4 Transmutations
 + Level 1.4 Fire Magic
 + Level 1.4 Ice Magic
 + Level 1.4 Air Magic
 + Level 1.4 Earth Magic
 + Level 1.4 Poison Magic
 + Level 2.0 Invocations
 + Level 1.8 Evocations


You had 4 spell levels left.
You knew the following spells:

 Your Spells              Type           Power        Failure   Level  Hunger
a - Corona                Hex            ###....      9%          1    #......
b - Inner Flame           Hex/Fire       ##......     54%         3    ###....
c - Portal Projectile     Hex/Tloc       ##....       54%         3    ###....


Dungeon Overview and Level Annotations

Branches:
Dungeon (4/15)
 Temple: D:4-7

Altars:
Cheibriados
The Shining One


Innate Abilities, Weirdness & Mutations

Your experience applies equally to all skills.
You have very sharp teeth.
Your uncanny sense of smell can sniff out nearby items.


Message History

The orc wizard flickers and vanishes!
Deactivating autopickup; reactivate with Ctrl-A.
The orc hits you but does no damage. Something hits you but does no damage.
You barely miss something. Something hits you but does no damage.
The orc hits you but does no damage.
You hear some strange, mumbled words.
A puff of flame appears from out of thin air!
The puff of flame hits you!
* * * LOW HITPOINT WARNING * * *
The orc hits you but does no damage.
You feel better. Something hits you.
* * * LOW HITPOINT WARNING * * *
Something hits you.
* * * LOW HITPOINT WARNING * * *
The orc barely misses you.
You barely miss something. Your bite misses something.
You hear some strange, mumbled words.
A puff of frost appears from out of thin air!
The puff of frost hits you!
You die...

# ∆ ∆..#### # #
.....####.###.#
#.##........... ########
#.##(..##...... .#.....##
#.##..(....# ........##
##.#..##.)..##.
.........###....@{o....>..#
...............#####.#.####
..........###..# .# .#
.......)[## #..# .. ..
....[(.).# #### ... ..
........## ... .
.#........# ....
#####..##.... ##.§≈.≈≈..


You could see an orc.

Vanquished Creatures
  A bullfrog skeleton (D:4)
  Natasha (thrice) (D:3)
  A gnoll (D:1)
  5 adders
  An ooze (D:3)
  2 worms
  A dart slug (D:2)
  A leopard gecko (D:1)
  11 orcs
  4 giant cockroaches
  5 goblins
  12 hobgoblins
  6 jackals (D:3)
  2 quokkas
  3 ball pythons
  5 bats
  5 frilled lizards
  10 kobolds
  7 rats
85 creatures vanquished.

Notes
Turn   | Place    | Note
-------+----------+-------------------------------------------
     0 | D:1      | uglyjohn the Gnoll Arcane Marksman began the quest for the Orb.
     0 | D:1      | Reached XP level 1. HP: 17/17 MP: 4/4
   123 | D:1      | Reached XP level 2. HP: 23/23 MP: 5/5
   656 | D:2      | Reached XP level 3. HP: 22/28 MP: 7/7
   835 | D:2      | Learned a level 3 spell: Inner Flame
   839 | D:2      | Learned a level 3 spell: Portal Projectile
   893 | D:2      | Reached skill level 1 in Invocations
   986 | D:2      | Found a glowing golden altar of the Shining One.
  1044 | D:2      | Reached skill level 1 in Short Blades
  1044 | D:2      | Reached skill level 1 in Long Blades
  1044 | D:2      | Reached skill level 1 in Axes
  1044 | D:2      | Reached skill level 1 in Maces & Flails
  1044 | D:2      | Reached skill level 1 in Polearms
  1044 | D:2      | Reached skill level 1 in Staves
  1044 | D:2      | Reached skill level 1 in Slings
  1044 | D:2      | Reached skill level 1 in Bows
  1044 | D:2      | Reached skill level 1 in Throwing
  1044 | D:2      | Reached skill level 1 in Armour
  1044 | D:2      | Reached skill level 1 in Stealth
  1044 | D:2      | Reached skill level 1 in Shields
  1044 | D:2      | Reached skill level 1 in Unarmed Combat
  1044 | D:2      | Reached skill level 1 in Evocations
  1320 | D:2      | Reached XP level 4. HP: 21/34 MP: 8/8
  2019 | D:3      | Found a snail-covered altar of Cheibriados.
  2069 | D:3      | Noticed Natasha
  2084 | D:3      | Killed Natasha
  2084 | D:3      | Reached skill level 1 in Conjurations
  2084 | D:3      | Reached skill level 1 in Charms
  2084 | D:3      | Reached skill level 1 in Summonings
  2084 | D:3      | Reached skill level 1 in Necromancy
  2084 | D:3      | Reached skill level 1 in Translocations
  2084 | D:3      | Reached skill level 1 in Transmutations
  2084 | D:3      | Reached skill level 1 in Fire Magic
  2084 | D:3      | Reached skill level 1 in Ice Magic
  2084 | D:3      | Reached skill level 1 in Air Magic
  2084 | D:3      | Reached skill level 1 in Earth Magic
  2084 | D:3      | Reached skill level 1 in Poison Magic
  2253 | D:3      | Noticed Natasha
  2288 | D:3      | Killed Natasha
  2288 | D:3      | Reached XP level 5. HP: 15/40 MP: 9/9
  2601 | D:3      | Became a worshipper of Cheibriados the Contemplative
  2775 | D:3      | Noticed Natasha
  2781 | D:3      | Killed Natasha
  3307 | D:4      | Reached XP level 6. HP: 45/47 MP: 10/10
  3353 | D:4      | Reached * piety under Cheibriados
  3471 | D:4      | HP: 1/47 [something/puff of flame (7)]
  3473 | D:4      | Killed from afar by an orc wizard

Vault maps used:
D:1:      dpeg_arrival_signposts, st_stairs_3, glass_columns_c
D:2:      overflow_temple_1_default, minmay_ruptured
D:3:      corexii_shack_village, cheibriados_altar_1, first_bread,
          corexii_leaking_fountain, uniq_natasha
D:4:      nicolae_gozag_seed_capital, old_standard_altar, serial_shops,
          kennysheep_mini_moat

Skill      XL: |  1  2  3  4  5  6 |
---------------+-------------------+-----
Invocations    | 1 2 |  2.0
Short Blades   | 1 |  1.8
Long Blades    | 1 |  1.8
Axes           | 1 |  1.8
Maces & Flails | 1 |  1.8
Polearms       | 1 |  1.8
Staves         | 1 |  1.8
Slings         | 1 |  1.8
Bows           | 1 |  1.8
Throwing       | 1 |  1.8
Armour         | 1 |  1.8
Stealth        | 1 |  1.8
Shields        | 1 |  1.8
Unarmed Combat | 1 |  1.8
Evocations     | 1 |  1.8
Spellcasting   | 3 |  3.3
Conjurations   | 1 |  1.4
Charms         | 1 |  1.4
Summonings     | 1 |  1.4
Necromancy     | 1 |  1.4
Translocations | 1 |  1.4
Transmutations | 1 |  1.4
Fire Magic     | 1 |  1.4
Ice Magic      | 1 |  1.4
Air Magic      | 1 |  1.4
Earth Magic    | 1 |  1.4
Poison Magic   | 1 |  1.4
Fighting       | 3 |  3.1
Crossbows      | |  4.9
Dodging        | |  4.9
Hexes          | |  5.6

Action                   |  1- 3 |  4- 6 || total
-------------------------+-------+-------++-------
Melee: Spear             |    16 |       ||    16
       Short sword       |    44 |   108 ||   152
       Bite              |     4 |    29 ||    33
       Long sword        |       |    79 ||    79
 Fire: Hand crossbow     |    10 |     8 ||    18
Evoke: Wand              |       |     3 ||     3
  Use: Scroll            |     2 |     1 ||     3
       Potion            |       |     1 ||     1
 Stab: Sleeping          |     1 |       ||     1
  Eat: Chunk             |     1 |     8 ||     9
Armor: Robe              |     8 |       ||     8
       Scale mail        |       |    62 ||    62
Dodge: Dodged            |    45 |   208 ||   253
       Rpst.: Long sword |       |    34 ||    34

Table legend:
 A = Spawn XP
 B = Non-spawn XP
 C = Spawn XP percentage of total XP
 D = Spawn monster count
 E = Non-spawn monster count
 F = Spawn count percentage of total count
 G = Total turns spent on level
                    A         B        C        D         E        F      G
               +---------+---------+-------+---------+---------+-------+---------
         Total |       0 |     385 |   0.0 |       0 |      85 |   0.0 |  3473
               +---------+---------+-------+---------+---------+-------+---------
           D:1 |       0 |      32 |   0.0 |       0 |      13 |   0.0 |   771
           D:2 |       0 |      59 |   0.0 |       0 |      19 |   0.0 |  1100
           D:3 |       0 |     207 |   0.0 |       0 |      44 |   0.0 |  1424
           D:4 |       0 |      87 |   0.0 |       0 |       9 |   0.0 |   178
               +---------+---------+-------+---------+---------+-------+---------
